 Dungeon Crawl Stone Soup version 0.27.0-1-g7a089689b8 (webtiles) character file.

Game seed: 10821278735042019172

37 EnegeticOcto the Skirmisher (level 3, 33/33 HPs)
             Began as a Minotaur Fighter on Aug 8, 2021.
             Was a Follower of Sif Muna.
             Quit the game on level 2 of the Dungeon.
             The game lasted 00:00:22 (1136 turns).

EnegeticOcto the Skirmisher (Minotaur Fighter)      Turns: 1136, Time: 00:00:23

Health: 33/33      AC:  9    Str: 21    XL:     3   Next: 21%
Magic:  2/2        EV:  5    Int:  5    God:    Sif Muna [*.....]
Gold:   50         SH:  9    Dex:  9    Spells: 2/2 levels left

rFire    . . .     SeeInvis .   a - +0 war axe
rCold    . . .     Faith    .   c - +0 kite shield
rNeg     . . .     Spirit   .   k - +0 chain mail
rPois    .         Reflect  .   (helmet restricted)
rElec    .         Harm     .   (no cloak)
rCorr    .         Rampage  .   (no gloves)
Will     .....                  (no boots)
Stlth    ..........             (no amulet)
HPRegen  0.11/turn              (no ring)
MPRegen  0.08/turn              (no ring)

@: no status effects
A: horns 2, retaliatory headbutt
a: Renounce Religion, Channel Magic


You were on level 2 of the Dungeon.
You worshipped Sif Muna.
Sif Muna was aware of your devotion.
You visited 1 branch of the dungeon, and saw 2 of its levels.

You collected 50 gold pieces.

Inventory:

Hand Weapons
 a - a +0 war axe (weapon)
Armour
 b - a +0 scale mail
 c - a +0 kite shield (worn)
 k - a +0 chain mail (worn)
Scrolls
 f - a scroll of acquirement {unknown}
 g - a scroll of magic mapping {unknown}
 h - 3 scrolls of holy word {unknown}
Potions
 d - a potion of might {@q3}
 e - a potion of mutation {unknown}
 i - a potion of haste {unknown}
 j - 2 potions of lignification {unknown}


   Skills:
 + Level 4.0 Fighting
 * Level 3.4 Axes
 + Level 4.0 Armour
 + Level 4.0 Shields


You had 2 spell levels left.
You didn't know any spells.
Your spell library was empty.

Dungeon Overview and Level Annotations

Branches:
Dungeon (2/15)

Altars:
Sif Muna


Innate Abilities, Weirdness & Mutations

You have a pair of horns on your head.
You reflexively headbutt those who attack you in melee.


Message History

There is a stone staircase leading down here.
You climb downwards.
There is a stone staircase leading up here.
Found a manual of Polearms.
Found a stone staircase leading down.
No target in view!
No target in view!
No target in view!
No target in view!
No target in view!
No target in view!
No target in view!
No target in view!
No target in view!
No target in view!
No target in view!
No target in view!
You see here a manual of Polearms.
An adder comes into view.
The adder hisses angrily.
An adder is nearby!
An adder is nearby!
An adder is nearby!
An adder is nearby!
An adder comes into view.
The adder hisses angrily.
You hit the adder. Your headbutt misses the adder.
The adder is lightly wounded.
The adder bites you but does no damage. x2
You barely miss the adder. Your headbutt misses the adder.
The adder is lightly wounded.
The adder bites you but does no damage. x2
You miss the adder.
The adder is lightly wounded.
You closely miss the adder. The adder bites you but does no damage.
The adder bites you. The adder closely misses you.
The adder bites you but does no damage.
You hit the adder. Your headbutt misses the adder.
The adder is heavily wounded.
You closely miss the adder. The adder bites you but does no damage.
The adder bites you.
The adder bites you but does no damage. x2
You slash the adder!
You kill the adder!
You closely miss the adder. You block the adder's attack. x2
You slash the adder!
You kill the adder!
Your Fighting skill increases to level 4!
Your Armour skill increases to level 4!
Your Shields skill increases to level 4!
You have reached level 3!
Your experience leads to an increase in your attributes!
Increase (s)trength, (i)ntelligence, or (d)exterity?
You feel stronger.
HP restored.
A giant cockroach comes into view.
Found a faded altar of an unknown god.
A giant cockroach is nearby!
A giant cockroach is nearby!
A giant cockroach is nearby!
A giant cockroach is nearby!
A giant cockroach is nearby!
A giant cockroach is nearby!
A ball python comes into view.
The ball python hisses angrily.
Your chain mail prevents you from hitting the giant cockroach.
The giant cockroach bites you but does no damage.
A hobgoblin comes into view.
You barely miss the giant cockroach.
Your headbutt misses the giant cockroach.
You block the giant cockroach's attack. The giant cockroach barely misses you.
The ball python closely misses you. You block the ball python's attack.
You hit the ball python.
You kill the ball python!
You hit the giant cockroach but do no damage.
The giant cockroach barely misses you. The giant cockroach bites you.
You hit the giant cockroach. You headbutt the giant cockroach.
The giant cockroach is almost dead.
The giant cockroach bites you but does no damage.
The giant cockroach barely misses you.
You slash the giant cockroach!
You kill the giant cockroach!
You barely miss the hobgoblin. Your headbutt misses the hobgoblin.
The hobgoblin barely misses you. You block the hobgoblin's attack.
Your shield and chain mail prevent you from hitting the hobgoblin.
The hobgoblin closely misses you.
You closely miss the hobgoblin. Your headbutt misses the hobgoblin.
The hobgoblin barely misses you. You furiously retaliate!
You headbutt the hobgoblin!
You kill the hobgoblin!
No target in view!
No target in view!
No target in view!
No target in view!
Found a ring mail.
There is a faded altar of an unknown god here.
You cannot tell which god this altar belongs to.
Convert to them anyway?
Sif Muna accepts your prayer! Sif Muna welcomes you!
You can now call upon Sif Muna for magical energy.
Are you sure you want to abandon this character and quit the game? (Confirm with "yes".)

[.. .. ..#### #.
..#
##.##.#########
#8..∩.....8..∩#
#.............#
#.............#
#∩..♣..@.....∩#
#..............
#..............
#......∩..∩..∩.#
#...†..........#
##..............#
#.∩.....∩..∩..♣.#
#...............#
#...............#


There were no monsters in sight!

Vanquished Creatures
  2 adders (D:2)
  4 ball pythons
  A bat (D:1)
  An endoplasm (D:1)
  A giant cockroach (D:2)
  2 goblins (D:1)
  3 hobgoblins
  A kobold (D:1)
  A frilled lizard (D:1)
16 creatures vanquished.

Notes
Turn   | Place    | Note
-------+----------+-------------------------------------------
     0 | D:1      | EnegeticOcto the Minotaur Fighter began the quest for the
                  | Orb.
     0 | D:1      | Reached XP level 1. HP: 19/19 MP: 0/0
   438 | D:1      | Reached XP level 2. HP: 27/27 MP: 1/1
  1087 | D:2      | Reached XP level 3. HP: 31/33 MP: 2/2
  1106 | D:2      | Found a faded altar of an unknown god.
  1135 | D:2      | Became a worshipper of Sif Muna the Loreminder
  1135 | D:2      | Reached * piety under Sif Muna
  1136 | D:2      | Quit the game

Illustrated notes

Levels and vault maps discovered:
D:1:      amcnicky_arrival_wind_blow, layout_basic
D:2:      layout_basic, hellmonk_ecumenical_altar_arch_garden,
          serial_park_tiny_pond, minmay_3d_cube, uniq_sigmund

Skill      XL: |  1  2 |
---------------+-------+-----
Axes           | 3 |  3.4
Fighting       | 4 |  4.0
Armour         | 4 |  4.0
Shields        | 4 |  4.0

Action                   || total
-------------------------++-------
Melee: War axe           ||    33
       Headbutt          ||     1
Armor: Scale mail        ||     5
       Chain mail        ||    11
Dodge: Dodged            ||    12
Block: Kite shield       ||    12
